 Dungeon Crawl Stone Soup version 0.23-a0-550-g7de1f8e (webtiles) character file.

1740 tidbits the Caller (level 9, 60/65 HPs)
             Began as a Gnoll Summoner on Dec 9, 2018.
             Quit the game in the Ecumenical Temple.
             The game lasted 00:25:23 (2907 turns).

tidbits the Caller (Gnoll Summoner)                 Turns: 2907, Time: 00:25:24

Health: 60/65      AC: 11    Str: 11    XL:     9   Next: 5%
Magic:  18/18      EV: 13    Int: 21    God:
Gold:   339        SH:  2    Dex: 15    Spells: 10/20 levels left

rFire    + + .     SeeInvis .   l - +0 whip (venom)
rCold    + . .     Gourm    .   (no shield)
rNeg     + . .     Faith    .   B - +3 ring mail of Yredelemnul's Pride {rF+ rC+}
rPois    .         Spirit   .   E - +0 helmet
rElec    .         Reflect  +   C - +0 cloak
rCorr    .         Harm     .   (no gloves)
MR       .....                  (no boots)
Stlth    ++........             e - +2 amulet of reflection
HPRegen  0.20/turn              p - ring of protection from fire
MPRegen  0.16/turn              q - ring of positive energy

@: no status effects
A: distributed training, fangs 1, strong nose
a: no special abilities


You were in the Ecumenical Temple.
You were very hungry.

You visited 2 branches of the dungeon, and saw 9 of its levels.

You collected 339 gold pieces.

Inventory:

Hand Weapons
 a - a +0 dagger
 b - a +0 short sword
 d - a +3 quarterstaff of chaos
   (You took it off Crazy Yiuf on level 5 of the Dungeon)
 k - a +0 hunting sling
 l - a +0 whip of venom (weapon)
   (You took it off Robin on level 2 of the Dungeon)
 u - a +0 war axe
 F - a +0 mace of crushing
   (You took it off an orc on level 3 of the Dungeon)
 H - a +1 flail of holy wrath
   (You found it on level 6 of the Dungeon)
 J - a +3 shortbow
 N - a +0 trident
Missiles
 g - 3 stones (quivered)
 i - 22 sling bullets
 m - 58 arrows
 w - 12 bolts
Armour
 f - a +0 ring mail
 B - the +3 ring mail of Yredelemnul's Pride (worn) {rF+ rC+}
   (You found it on level 7 of the Dungeon)

   It protects you from fire.
   It protects you from cold.
 C - a +0 cloak (worn)
 E - a +0 helmet (worn)
 L - a +0 robe
Jewellery
 e - a +2 amulet of reflection (around neck)
   (You found it on level 1 of the Dungeon)
 p - a ring of protection from fire (left hand)
   (You found it on level 3 of the Dungeon)
 q - a ring of positive energy (right hand)
   (You found it on level 3 of the Dungeon)
Wands
 x - a wand of disintegration (20)
 A - a wand of iceblast (3)
 D - a wand of flame (27)
Scrolls
 h - a scroll of immolation {unknown}
 o - a scroll of fog {unknown}
 r - a scroll of remove curse
 t - 4 scrolls of teleportation
 v - 2 scrolls of fear
 y - a scroll of blinking
 z - a scroll of amnesia
 K - a scroll of enchant armour {unknown}
Potions
 j - a potion of resistance
 n - 4 potions of curing {unknown}
 s - a potion of brilliance {unknown}
 G - a potion of ambrosia {unknown}
 I - 3 potions of agility {unknown}
 M - a potion of haste {unknown}
Comestibles
 c - 7 rations


   Skills:
 + Level 3.7 Fighting
 + Level 3.7 Short Blades
 + Level 3.7 Long Blades
 + Level 3.7 Axes
 + Level 3.7 Maces & Flails
 + Level 3.7 Polearms
 + Level 3.7 Staves
 + Level 3.7 Slings
 + Level 3.7 Bows
 + Level 3.7 Crossbows
 + Level 3.7 Throwing
 + Level 3.7 Armour
 + Level 6.0 Dodging
 + Level 5.7 Stealth
 + Level 3.7 Shields
 + Level 3.7 Unarmed Combat
 + Level 6.3 Spellcasting
 + Level 3.1 Conjurations
 + Level 3.1 Hexes
 + Level 3.1 Charms
 + Level 7.8 Summonings
 + Level 3.1 Necromancy
 + Level 3.1 Translocations
 + Level 3.1 Transmutations
 + Level 3.1 Fire Magic
 + Level 3.1 Ice Magic
 + Level 3.1 Air Magic
 + Level 3.1 Earth Magic
 + Level 3.1 Poison Magic
 + Level 4.1 Invocations
 + Level 3.7 Evocations


You had 10 spell levels left.
You knew the following spells:

 Your Spells              Type           Power        Failure   Level  Hunger
a - Summon Small Mammal   Summ           ####         1%          1    None
c - Call Canine Familiar  Summ           #####...     2%          3    #......
i - Call Imp              Summ           #####...     1%          2    None
L - Summon Lightning Spi  Summ/Air       ####....     22%         4    ###....

Your spell library contained the following spells:

 Spells                   Type           Power        Failure   Level  Hunger
 Confusing Touch          Hex            ###...       6%          1    None
 Summon Guardian Golem    Hex/Summ       ####....     7%          3    #......
 Confuse                  Hex            ###.....     19%         3    #......
 Gell's Gravitas          Tloc           ###.......   19%         3    #......
 Summon Ice Beast         Ice/Summ       ####....     22%         4    ###....
 Petrify                  Tmut/Erth      ###.....     52%         4    ###....
 Metabolic Englaciation   Hex/Ice        ###.......   86%         5    #####..
 Yara's Violent Unravell  Hex/Tmut       ###.......   86%         5    #####..


Dungeon Overview and Level Annotations

Branches:
Dungeon (8/15)             Temple (1/1) D:4
   Lair: D:8-11

Altars:
Dithmenos
Elyvilon
Fedhas
Hepliaklqana
Makhleb
Nemelex Xobeh
Okawaru
Qazlal
Ru
Sif Muna
Uskayaw
Vehumet
Wu Jian
Xom
Yredelemnul
Zin
Lugonu

Shops:
D:6 [

Annotations:
D:4 1 transporter, TheNamelessOne's ghost, amateur DsAK


Innate Abilities, Weirdness & Mutations

Your experience applies equally to all skills.
You have very sharp teeth.
Your uncanny sense of smell can sniff out nearby items.


Message History

Things that are here:
a +0 dagger; a +0 ring mail You feel sick.
You feel sick.
You see here 3 gold pieces.
You now have 329 gold pieces (gained 3).
You feel sick.
You are feeling hungry.
You feel sick.
You are no longer poisoned.
Your magical contamination has completely faded away.
Found a grey potion.
You see here a grey potion.
n - 4 grey potions (gained 1)
Found a blossoming altar of Fedhas.
Found a runed scale mail.
You see here 10 gold pieces.
You now have 339 gold pieces (gained 10).
You see here 22 stones.
There is a stone staircase leading up here.
An adder comes into view.
Unknown command.
The helpless adder fails to defend itself.
You hit the adder.
The adder is lightly wounded.
The adder bites you but does no damage. x2
You closely miss the adder. You punch the adder.
You bite the adder, but do no damage.
The adder is lightly wounded.
The adder bites you.
You are poisoned.
The adder poisons you!
You hit the adder but do no damage.
The adder is poisoned.
The adder is lightly wounded.
You feel sick. The adder barely misses you.
You closely miss the adder.
The adder is moderately wounded.
The adder barely misses you.
You hit the adder but do no damage.
The adder looks even sicker.
The adder is heavily wounded.
The adder closely misses you.
You completely miss the adder.
The adder is heavily wounded.
You feel sick. You block the adder's attack.
The adder bites you but does no damage.
You hit the adder.
The adder is severely wounded.
The adder bites you but does no damage. The adder bites you but does no damage.
Found a staircase to the Ecumenical Temple.
You kill the adder!
You feel sick.
A phantom comes into view.
Unknown command.
Casting: Summon Lightning Spire (slightly dangerous; 22% risk of failure)
Confirm with . or Enter, or press ? or * to list all spells.
Aiming: Summon Lightning Spire (slightly dangerous; 22% risk of failure)
Press: ? - help, Dir - move target cursor An electric hum fills the air.
Unknown command.
You barely miss the phantom.
You feel sick. The phantom hits you.
You barely miss the phantom.
The phantom hits you but does no damage.
You closely miss the phantom.
Your lightning spire shoots out a bolt of lightning at the phantom!
The bolt of electricity hits the phantom. x2
The bolt of electricity hits your lightning spire.
Your lightning spire completely resists.
The phantom hits your lightning spire but does no damage.
Your ring mail of Yredelemnul's Pride prevents you from hitting the phantom.
You bite the phantom, but do no damage.
The phantom is severely damaged.
The phantom blinks!
You feel sick.
You are no longer poisoned.
You closely miss the phantom.
The phantom is severely damaged.
The phantom misses you.
You hit the phantom.
The phantom is severely damaged.
The phantom hits you but does no damage.
The phantom hits you but does no damage.
Your lightning spire shoots out a bolt of lightning at the phantom!
The bolt of electricity hits the phantom. x2
The phantom is destroyed!
There is a staircase to the Ecumenical Temple here.
You climb downwards.
Welcome to the Ecumenical Temple!
Your summoned ally is left behind.
There is a staircase back to the Dungeon here.
Unknown command.
Found a hide-covered altar of Uskayaw and two corrupted altars of Lugonu.
Found a hazy altar of Hepliaklqana and a sparkling altar of Nemelex Xobeh.
Unknown command.
Found three corrupted altars of Lugonu and a sacrificial altar of Ru.
Unknown command.
Found a shimmering altar of Xom and a deep blue altar of Sif Muna.
Unknown command.
You are feeling very hungry.
Found an iron altar of Okawaru.
Are you sure you want to abandon this character and quit the game? (Confirm

#.....# #_.⌠._#
#.....# #._.# #..§#
##
#########§≈§###._###
#P.......#§........#
#<.....#......_.⌠._#
#P≈.§.....@.......≈#
#########..≈###≈_.##
#.≈.# #### #._.#
.≈.#. #_.⌠._#
#..≈..# ###_≈## ####


There were no monsters in sight!

Vanquished Creatures
  2 slaves (D:6)
  An ogre (D:4)
  A centaur (D:6)
  A scorpion (D:6)
  2 electric eels (D:7)
  A hound (D:4)
  3 orc priests
  An iguana (D:7)
  Natasha (D:2)
  2 orc wizards (D:4)
  A worker ant (D:4)
  A worker ant zombie (D:7)
  5 adders
  3 dart slugs
  4 leopard geckos
  9 orcs
  2 ball pythons
  2 giant cockroaches
  5 goblins
  A hobgoblin (D:2)
  2 jackals (D:1)
  2 kobolds
  3 quokkas
  2 frilled lizards
  A rat (D:1)
58 creatures vanquished.

Vanquished Creatures (collateral kills)
  Pikel (D:6)
  A spriggan (D:7)
  An ice beast (D:5)
  2 slaves (D:6)
  An orc warrior (D:6)
  3 phantoms
  2 ogres
  A big kobold (D:7)
  A bullfrog (D:7)
  A crimson imp (D:7)
  A hound (D:6)
  A quasit (D:5)
  5 orc priests
  Crazy Yiuf (D:5)
  Natasha (twice) (D:2)
  An orc wizard (D:5)
  Robin (D:2)
  2 adders
  An adder skeleton (D:4)
  A worm (D:4)
  3 leopard geckos
  11 orcs
  A ball python (D:4)
  9 goblins
  A hobgoblin (D:2)
  5 jackals (D:1)
  A bat (D:3)
  4 frilled lizards
  7 kobolds
  2 rats
74 creatures vanquished.

Vanquished Creatures (others)
  A goblin (D:2)
1 creature vanquished.

Grand Total: 133 creatures vanquished

Notes
Turn   | Place    | Note
-------+----------+-------------------------------------------
     0 | D:1      | tidbits the Gnoll Summoner began the quest for the Orb.
     0 | D:1      | Reached XP level 1. HP: 13/13 MP: 6/6
    75 | D:1      | Reached XP level 2. HP: 10/19 MP: 3/7
    79 | D:1      | Learned a level 2 spell: Call Imp
   178 | D:2      | Noticed Natasha
   190 | D:2      | Killed Natasha
   190 | D:2      | Reached skill level 5 in Spellcasting
   190 | D:2      | Reached XP level 3. HP: 23/25 MP: 4/9
   195 | D:2      | Learned a level 3 spell: Call Canine Familiar
   209 | D:2      | Found a faded altar of an unknown god.
   338 | D:2      | Reached skill level 1 in Invocations
   354 | D:2      | Noticed Robin
   375 | D:2      | Reached skill level 1 in Fighting
   375 | D:2      | Reached skill level 1 in Short Blades
   375 | D:2      | Reached skill level 1 in Long Blades
   375 | D:2      | Reached skill level 1 in Axes
   375 | D:2      | Reached skill level 1 in Maces & Flails
   375 | D:2      | Reached skill level 1 in Polearms
   375 | D:2      | Reached skill level 1 in Staves
   375 | D:2      | Reached skill level 1 in Slings
   375 | D:2      | Reached skill level 1 in Bows
   375 | D:2      | Reached skill level 1 in Crossbows
   375 | D:2      | Reached skill level 1 in Throwing
   375 | D:2      | Reached skill level 1 in Armour
   375 | D:2      | Reached skill level 1 in Shields
   375 | D:2      | Reached skill level 1 in Unarmed Combat
   375 | D:2      | Reached skill level 1 in Evocations
   383 | D:2      | Killed Robin
   383 | D:2      | Reached XP level 4. HP: 14/32 MP: 1/11
   407 | D:2      | Noticed Natasha
   417 | D:2      | Learned a level 4 spell: Summon Lightning Spire
   420 | D:2      | Killed Natasha
   464 | D:2      | Noticed Natasha
   470 | D:2      | Killed Natasha
   470 | D:2      | Reached skill level 1 in Conjurations
   470 | D:2      | Reached skill level 1 in Hexes
   470 | D:2      | Reached skill level 1 in Charms
   470 | D:2      | Reached skill level 1 in Necromancy
   470 | D:2      | Reached skill level 1 in Translocations
   470 | D:2      | Reached skill level 1 in Transmutations
   470 | D:2      | Reached skill level 1 in Fire Magic
   470 | D:2      | Reached skill level 1 in Ice Magic
   470 | D:2      | Reached skill level 1 in Air Magic
   470 | D:2      | Reached skill level 1 in Earth Magic
   470 | D:2      | Reached skill level 1 in Poison Magic
   654 | D:3      | Reached XP level 5. HP: 23/37 MP: 7/12
   731 | D:5      | Entered Level 5 of the Dungeon
   741 | D:5      | Noticed an ogre
  1018 | D:5      | Noticed an ice beast
  1028 | D:5      | Killed an ice beast
  1028 | D:5      | Reached skill level 2 in Invocations
  1028 | D:5      | Reached XP level 6. HP: 33/44 MP: 4/13
  1046 | D:5      | Found a stormy altar of Qazlal.
  1047 | D:5      | Found an ornate altar of the Wu Jian Council.
  1049 | D:5      | Found a white marble altar of Elyvilon.
  1135 | D:5      | Found a runed door.
  1139 | D:5      | Noticed Crazy Yiuf
  1141 | D:5      | Noticed a spatial vortex
  1159 | D:5      | Killed Crazy Yiuf
  1238 | D:5      | Reached skill level 2 in Fighting
  1238 | D:5      | Reached skill level 2 in Short Blades
  1238 | D:5      | Reached skill level 2 in Long Blades
  1238 | D:5      | Reached skill level 2 in Axes
  1238 | D:5      | Reached skill level 2 in Maces & Flails
  1238 | D:5      | Reached skill level 2 in Polearms
  1238 | D:5      | Reached skill level 2 in Staves
  1238 | D:5      | Reached skill level 2 in Slings
  1238 | D:5      | Reached skill level 2 in Bows
  1238 | D:5      | Reached skill level 2 in Crossbows
  1238 | D:5      | Reached skill level 2 in Throwing
  1238 | D:5      | Reached skill level 2 in Armour
  1238 | D:5      | Reached skill level 5 in Dodging
  1238 | D:5      | Reached skill level 2 in Shields
  1238 | D:5      | Reached skill level 2 in Unarmed Combat
  1238 | D:5      | Reached skill level 2 in Evocations
  1247 | D:5      | Found a shadowy altar of Dithmenos.
  1262 | D:5      | Found a glowing silver altar of Zin.
  1468 | D:6      | Found Ohirph's Armour Shop.
  1515 | D:6      | Noticed a slave
  1515 | D:6      | Noticed a slave
  1515 | D:6      | Noticed a slave
  1516 | D:6      | Noticed a slave
  1524 | D:6      | Killed a slave
  1526 | D:6      | Killed a slave
  1528 | D:6      | Killed a slave
  1530 | D:6      | Killed a slave
  1533 | D:6      | Noticed Pikel
  1542 | D:6      | Killed Pikel
  1542 | D:6      | Reached skill level 5 in Stealth
  1542 | D:6      | Reached skill level 2 in Conjurations
  1542 | D:6      | Reached skill level 2 in Hexes
  1542 | D:6      | Reached skill level 2 in Charms
  1542 | D:6      | Reached skill level 2 in Necromancy
  1542 | D:6      | Reached skill level 2 in Translocations
  1542 | D:6      | Reached skill level 2 in Transmutations
  1542 | D:6      | Reached skill level 2 in Fire Magic
  1542 | D:6      | Reached skill level 2 in Ice Magic
  1542 | D:6      | Reached skill level 2 in Air Magic
  1542 | D:6      | Reached skill level 2 in Earth Magic
  1542 | D:6      | Reached skill level 2 in Poison Magic
  1542 | D:6      | Reached XP level 7. HP: 44/51 MP: 10/15
  1573 | D:6      | Reached skill level 3 in Invocations
  1610 | D:6      | Reached XP level 8. HP: 29/57 MP: 7/16
  1627 | D:6      | Found a basalt altar of Yredelemnul.
  1655 | D:6      | Found a burning altar of Makhleb.
  1946 | D:6      | Reached skill level 3 in Fighting
  1946 | D:6      | Reached skill level 3 in Short Blades
  1946 | D:6      | Reached skill level 3 in Long Blades
  1946 | D:6      | Reached skill level 3 in Axes
  1946 | D:6      | Reached skill level 3 in Maces & Flails
  1946 | D:6      | Reached skill level 3 in Polearms
  1946 | D:6      | Reached skill level 3 in Staves
  1946 | D:6      | Reached skill level 3 in Slings
  1946 | D:6      | Reached skill level 3 in Bows
  1946 | D:6      | Reached skill level 3 in Crossbows
  1946 | D:6      | Reached skill level 3 in Throwing
  1946 | D:6      | Reached skill level 3 in Armour
  1946 | D:6      | Reached skill level 3 in Shields
  1946 | D:6      | Reached skill level 3 in Unarmed Combat
  1946 | D:6      | Reached skill level 3 in Evocations
  1985 | D:8      | Noticed a hippogriff
  2009 | D:7      | Noticed a spriggan baker
  2021 | D:7      | Killed a spriggan baker
  2021 | D:7      | Reached skill level 6 in Spellcasting
  2391 | D:7      | Got a bloodstained ring mail
  2404 | D:7      | Identified the +3 ring mail of Yredelemnul's Pride {rF+
                  | rC+} (You found it on level 7 of the Dungeon)
  2495 | D:4      | Noticed TheNamelessOne's ghost (amateur DsAK)
  2518 | D:4      | Found a transporter.
  2588 | D:4      | Found a radiant altar of Vehumet.
  2718 | D:4      | Reached skill level 3 in Conjurations
  2718 | D:4      | Reached skill level 3 in Hexes
  2718 | D:4      | Reached skill level 3 in Charms
  2718 | D:4      | Reached skill level 3 in Necromancy
  2718 | D:4      | Reached skill level 3 in Translocations
  2718 | D:4      | Reached skill level 3 in Transmutations
  2718 | D:4      | Reached skill level 3 in Fire Magic
  2718 | D:4      | Reached skill level 3 in Ice Magic
  2718 | D:4      | Reached skill level 3 in Air Magic
  2718 | D:4      | Reached skill level 3 in Earth Magic
  2718 | D:4      | Reached skill level 3 in Poison Magic
  2718 | D:4      | Reached skill level 4 in Invocations
  2750 | D:4      | Reached skill level 6 in Dodging
  2750 | D:4      | Reached XP level 9. HP: 59/65 MP: 10/18
  2801 | D:4      | Found a blossoming altar of Fedhas.
  2874 | D:4      | Found a staircase to the Ecumenical Temple.
  2890 | Temple   | Entered the Ecumenical Temple
  2907 | Temple   | Quit the game

Vault maps used:
D:1:      dpeg_arrival_water_altar, serial_forest, infiniplex_forest_pool,
          infiniplex_forest_clump_C, infiniplex_forest_clump_small,
          infiniplex_forest_clump_diagonal, minmay_shallow_snake_nest
D:2:      kennysheep_vampire_church, chequers_ecumenical_altar_simple_redux,
          uniq_robin, uniq_natasha
D:3:      cheibriados_altar_1, first_ration, minmay_goblin_kobold_house
D:4:      marbit_many_paths, vehumet_altar_wand_db,
          minmay_temple_entry_antechambers, gammafunk_ghost_stat_death
D:5:      zin_scriptorium, lemuel_doored_altar,
          chequers_temple_overflow_statue_of_worship, serial_rivers,
          chequers_serial_rivers_micro_c, chequers_serial_rivers_micro_d,
          chequers_serial_rivers_large_a, chequers_serial_rivers_small_3,
          chequers_serial_rivers_marsh, chequers_serial_rivers_small_3,
          uniq_crazy_yiuf_cottage
D:6:      nicolae_overflow_crystal_walls, serial_shops, nicolae_shop_crystal,
          makhleb_heckhound_becter, uniq_pikel
D:7:      the_bakery, kennysheep_generic_room_9
Temple:   corrupted_temple

Skill      XL: |  1  2  3  4  5  6  7  8 |
---------------+-------------------------+-----
Spellcasting   | 5 6 |  6.3
Invocations    | 1 2 3 4 |  4.1
Fighting       | 1 2 3 |  3.7
Short Blades   | 1 2 3 |  3.7
Long Blades    | 1 2 3 |  3.7
Axes           | 1 2 3 |  3.7
Maces & Flails | 1 2 3 |  3.7
Polearms       | 1 2 3 |  3.7
Staves         | 1 2 3 |  3.7
Slings         | 1 2 3 |  3.7
Bows           | 1 2 3 |  3.7
Crossbows      | 1 2 3 |  3.7
Throwing       | 1 2 3 |  3.7
Armour         | 1 2 3 |  3.7
Shields        | 1 2 3 |  3.7
Unarmed Combat | 1 2 3 |  3.7
Evocations     | 1 2 3 |  3.7
Conjurations   | 1 2 3 |  3.1
Hexes          | 1 2 3 |  3.1
Charms         | 1 2 3 |  3.1
Necromancy     | 1 2 3 |  3.1
Translocations | 1 2 3 |  3.1
Transmutations | 1 2 3 |  3.1
Fire Magic     | 1 2 3 |  3.1
Ice Magic      | 1 2 3 |  3.1
Air Magic      | 1 2 3 |  3.1
Earth Magic    | 1 2 3 |  3.1
Poison Magic   | 1 2 3 |  3.1
Dodging        | 5 6 |  6.0
Stealth        | 5 |  5.7
Summonings     | |  7.8

Action                   |  1- 3 |  4- 6 |  7- 9 || total
-------------------------+-------+-------+-------++-------
Melee: Dagger            |    27 |    22 |    11 ||    60
       Short sword       |    30 |     3 |       ||    33
       Bite              |     5 |     5 |     9 ||    19
       Mace              |       |     5 |       ||     5
       Quarterstaff      |       |    13 |    41 ||    54
       Whip              |       |     9 |    61 ||    70
       War axe           |       |       |     8 ||     8
       Punch             |       |       |     1 ||     1
Throw: Stone             |     1 |    15 |    13 ||    29
 Cast: Summon Small Mamm |    11 |       |       ||    11
       Call Imp          |     4 |     2 |       ||     6
       Call Canine Famil |     5 |     7 |     4 ||    16
       Summon Lightning  |       |     9 |    15 ||    24
Evoke: Wand              |       |       |    10 ||    10
  Use: Potion            |     1 |     1 |     1 ||     3
       Scroll            |     2 |     3 |     1 ||     6
 Stab: Sleeping          |     5 |     8 |     5 ||    18
       Distracted        |     1 |     1 |     2 ||     4
  Eat: Ration            |       |     1 |     1 ||     2
       Chunk             |       |     1 |     3 ||     4
Armor: Robe              |     7 |    12 |    12 ||    31
       Ring mail         |       |       |    20 ||    20
Dodge: Dodged            |    51 |    31 |    77 ||   159
Block: Other             |     2 |     8 |     6 ||    16

Table legend:
 A = Non-vault XP
 B = Vault XP
 C = Vault XP percentage of total XP
 D = Non-vault monster count
 E = Vault monster count
 F = Vault count percentage of total count
                 A         B        C        D         E       F
            +---------+---------+-------+---------+---------+-------
      Total |    1815 |     671 |  27.0 |     109 |      20 |  15.5
            +---------+---------+-------+---------+---------+-------
        D:1 |      28 |       2 |   6.7 |      19 |       1 |   5.0
        D:2 |      61 |      43 |  41.3 |      11 |      14 |  56.0
        D:3 |      55 |       0 |   0.0 |       8 |       0 |   0.0
        D:4 |     526 |       1 |   0.2 |      29 |       1 |   3.3
        D:5 |     246 |      20 |   7.5 |      11 |       1 |   8.3
        D:6 |     422 |     495 |  54.0 |      13 |       2 |  13.3
        D:7 |     477 |     110 |  18.7 |      18 |       1 |   5.3
            +---------+---------+-------+---------+---------+-------

Table legend:
 A = Turns spent in this place as a percentage of turns spent in the entire game.
 B = Non-inter-level travel turns spent in this place as a percentage of non-inter-level travel turns spent in the entire game.
 C = Inter-level travel turns spent in this place as a percentage of turns spent in this place.
 D = Turns resting spent in this place as a percentage of non-inter-level travel turns spent in this place.
 E = Turns spent auto-exploring this place as a percentage of non-inter-level travel turns spent in this place.
 F = Non-inter-level travel turns spent in this place divided by the number of levels of this place that you've seen.
                   A       B       C       D       E      F
               +-------+-------+-------+-------+-------+----------------------
         Total | 100.0 | 100.0 |   6.4 |   0.0 |   0.0 | 302.3
       Dungeon |  99.4 |  99.4 |   6.4 |   0.0 |   0.0 | 338.0
        Temple |   0.6 |   0.6 |   0.0 |   0.0 |   0.0 |  17.0
               +-------+-------+-------+-------+-------+----------------------

Table legend:
 A = Kills in this place as a percentage of kills in entire the game.
 B = Kills by you in this place as a percentage of kills by you in the entire game.
 C = Kills by friends in this place as a percentage of kills by friends in the entire game.
 D = Other kills in this place as a percentage of other kills in the entire game.
 E = Experience gained in this place as a percentage of experience gained in the entire game.
 F = Experience gained in this place divided by the number of levels of this place that you have seen.
                   A       B       C       D       E      F
               +-------+-------+-------+-------+-------+----------------------
         Total | 100.0 | 100.0 | 100.0 | 100.0 | 100.0 | 276.2
       Dungeon | 100.0 | 100.0 | 100.0 | 100.0 | 100.0 | 310.8
               +-------+-------+-------+-------+-------+----------------------

Vault maps used:
D:1:      dpeg_arrival_water_altar, serial_forest, infiniplex_forest_pool,
          infiniplex_forest_clump_C, infiniplex_forest_clump_small,
          infiniplex_forest_clump_diagonal, minmay_shallow_snake_nest
D:2:      kennysheep_vampire_church, chequers_ecumenical_altar_simple_redux,
          uniq_robin, uniq_natasha
D:3:      cheibriados_altar_1, first_ration, minmay_goblin_kobold_house
D:4:      marbit_many_paths, vehumet_altar_wand_db,
          minmay_temple_entry_antechambers, gammafunk_ghost_stat_death
D:5:      zin_scriptorium, lemuel_doored_altar,
          chequers_temple_overflow_statue_of_worship, serial_rivers,
          chequers_serial_rivers_micro_c, chequers_serial_rivers_micro_d,
          chequers_serial_rivers_large_a, chequers_serial_rivers_small_3,
          chequers_serial_rivers_marsh, chequers_serial_rivers_small_3,
          uniq_crazy_yiuf_cottage
D:6:      nicolae_overflow_crystal_walls, serial_shops, nicolae_shop_crystal,
          makhleb_heckhound_becter, uniq_pikel
D:7:      the_bakery, kennysheep_generic_room_9
Temple:   corrupted_temple
